 Dungeon Crawl Stone Soup version 0.27.1-3-gb3d3a73c9e (webtiles) character file.

Game seed: 17527552258966939776

109 workbot the Slasher (level 4, 0/61 HPs)
             Began as a Minotaur Berserker on Oct 14, 2021.
             Was a Believer of Trog.
             Slain by a frilled lizard (1 damage)
             ... on level 3 of the Dungeon.
             The game lasted 00:10:02 (1926 turns).

workbot the Slasher (Minotaur Berserker)            Turns: 1926, Time: 00:10:03

Health: 0/61       AC:  1    Str: 23    XL:     4   Next: 59%
Magic:  3/3        EV: 11    Int:  4    God:    Trog [**....]
Gold:   59         SH:  0    Dex:  9    Spells: 3/3 levels left

rFire    . . .     SeeInvis .   a - +0 falchion
rCold    . . .     Faith    .   (no shield)
rNeg     . . .     Spirit   .   i - +0 ring mail
rPois    .         Reflect  .   (helmet restricted)
rElec    .         Harm     .   (no cloak)
rCorr    .         Rampage  .   (no gloves)
Will     .....                  (no boots)
Stlth    ..........             e - amulet of the acrobat
HPRegen  0.20/turn              (no ring)
MPRegen  0.08/turn              (no ring)

@: berserking, lethally poisoned (0 -> -2), corroded, very quick
A: horns 2, retaliatory headbutt
a: Renounce Religion, Berserk, Trog's Hand


You were on level 3 of the Dungeon.
You worshipped Trog.
Trog was pleased with you.
You visited 1 branch of the dungeon, and saw 3 of its levels.

You collected 59 gold pieces.

Inventory:

Hand Weapons
 a - a +0 falchion (weapon)
Armour
 d - a scarf of harm
 i - a +0 ring mail (worn)
Jewellery
 e - an amulet of the acrobat (around neck)
Scrolls
 f - 2 scrolls of identify
Potions
 g - a potion of ambrosia {unknown}


   Skills:
 + Level 4.6 Fighting
 + Level 5.1 Long Blades
 + Level 3.0 Armour
 + Level 2.8 Dodging


You had 3 spell levels left.
You didn't know any spells.
Your spell library contained the following spells:

 Spells                   Type           Power      Damage    Failure   Level
 Sandblast                Erth           0%         2d4       65%         1
 Passwall                 Tmut/Erth      0%         N/A       80%         2
 Lee's Rapid Deconstruct  Erth           0%         3d5*      100%        5


Dungeon Overview and Level Annotations

Branches:
Dungeon (3/15)

Altars:


Innate Abilities, Weirdness & Mutations

You have a pair of horns on your head.
You reflexively headbutt those who attack you in melee.


Message History

Press: ? - help, Dir - move target, f - adder
Aim: an adder (moderately wounded, about 60% to evade your +0 falchion)
You closely miss the adder. Your headbutt misses the adder.
The adder is moderately wounded.
The adder barely misses you. You furiously retaliate!
You headbutt the adder, but do no damage.
The frilled lizard bites you but does no damage.
The kobold hits you with a +0 short sword.
The adder bites you.
* * * LOW HITPOINT WARNING * * *
You are poisoned.
The adder poisons you!
Hit: a) +0 falchion
Press: ? - help, Dir - move target, f/p - adder
Aim: an adder (moderately wounded, about 60% to evade your +0 falchion)
You closely miss the adder. Your headbutt misses the adder.
The adder is moderately wounded.
You feel sick.
The frilled lizard completely misses you.
The adder bites you.
* * * LOW HITPOINT WARNING * * *
The kobold hits you with a +0 short sword.
* * * LOW HITPOINT WARNING * * *
Hit: a) +0 falchion
Press: ? - help, Dir - move target, f/p - adder
Aim: an adder (moderately wounded, about 60% to evade your +0 falchion)
You slash the adder!
You kill the adder!
Trog accepts your kill.
* * * LOW HITPOINT WARNING * * *
You feel sick. The frilled lizard bites you.
* * * LOW HITPOINT WARNING * * *
The kobold closely misses you.
You riposte.
You hit the kobold. Your headbutt misses the kobold.
The kobold is moderately wounded.
A red film seems to cover your vision as you go berserk!
You feel yourself moving faster!
You feel mighty!
* * * LOW HITPOINT WARNING * * *
You feel sick. The frilled lizard bites you.
You die...

#. #.#######
#.(.....####
##.).......#
#..........#
#..........#
####.<.........#
###..............#
........@l........#
##.....†.K........#
#......#.#........
#......#.##.......
#......#.# ....#.#
#......#.# .##.#
#......... #......
##


You could see a kobold and a frilled lizard.

Vanquished Creatures
  A jelly (D:3)
  3 adders
  3 dart slugs (D:1)
  An orc (D:2)
  9 endoplasms
  A giant cockroach (D:2)
  5 hobgoblins
  3 quokkas
  2 ball pythons
  8 bats
  5 frilled lizards
  3 kobolds
  3 rats
47 creatures vanquished.

Vanquished Creatures (others)
  A plant (D:2)
1 creature vanquished.

Grand Total: 48 creatures vanquished

Notes
Turn   | Place    | Note
-------+----------+-------------------------------------------
     0 | D:1      | workbot the Minotaur Berserker began the quest for the Orb.
     0 | D:1      | Reached XP level 1. HP: 19/19 MP: 0/0
   220 | D:1      | Found a faded altar of an unknown god.
   256 | D:1      | Reached XP level 2. HP: 15/27 MP: 1/1
   258 | D:1      | Reached skill level 4 in Long Blades
   855 | D:2      | Reached XP level 3. HP: 33/33 MP: 2/2
   873 | D:2      | Reached ** piety under Trog
  1555 | D:2      | Reached XP level 4. HP: 41/41 MP: 3/3
  1907 | D:3      | Reached skill level 5 in Long Blades
  1925 | D:3      | HP: 2/41 [poisoned by an adder]
  1926 | D:3      | Slain by a frilled lizard

Illustrated notes

Levels and vault maps discovered:
D:1:      dpeg_arrival_rhombus, layout_basic,
          hellmonk_ecumenical_altar_arch_garden, dk_noncrumbling_2,
          st_stairs_14, hangedman_decor_push, ebering_dispersal_statue_hall
D:2:      layout_basic, st_stairs_5, chequers_big_river
D:3:      layout_basic, cheibrodos_sewer_entry_drain, minmay_distorted

Skill      XL: |  1  2  3  4 |
---------------+-------------+-----
Long Blades    | 4 5 |  5.1
Fighting       | 4 |  4.6
Armour         | 3 |  3.0
Dodging        | |  2.8

Action                   |  1- 3 |  4- 6 || total
-------------------------+-------+-------++-------
Melee: Falchion          |    64 |    16 ||    80
       Headbutt          |    16 |     2 ||    18
Invok: Berserk           |       |     1 ||     1
  Use: Scroll            |     2 |     1 ||     3
       Potion            |     1 |       ||     1
Armor: Leather armour    |    18 |       ||    18
       Ring mail         |       |     3 ||     3
Dodge: Dodged            |    40 |    13 ||    53
       Rpst.: Falchion   |    12 |     5 ||    17
